 Dungeon Crawl Stone Soup version 0.21.1-1-g345015fe64 (webtiles) character file.

6010 Gitz the Fighter (level 10, -2/124 HPs)
             Began as a Demonspawn Berserker on May 19, 2018.
             Was a High Priest of Trog.
             Slain by a death yak (17 damage)
             ... on level 9 of the Dungeon.
             The game lasted 00:12:15 (5934 turns).

Gitz the Fighter (Demonspawn Berserker)             Turns: 5934, Time: 00:12:16

Health: -2/124     AC: 20    Str: 31    XL:     10   Next: 56%
Magic:  10/10      EV: 10    Int:  9    God:    Trog [*****.]
Gold:   415        SH:  0    Dex: 13    Spells: 9/9 levels left

rFire    x . .     SeeInvis .   k - +7 whip "Zurouwa" {pain, rElec rF- Str+6}
rCold    . . .     Gourm    .   (no shield)
rNeg     . . .     Faith    .   f - +0 plate armour
rPois    .         Spirit   .   (no helmet)
rElec    +         Reflect  .   j - +0 cloak
rCorr    +         Harm     .   (no gloves)
MR       ++...                  h - +1 pair of boots
Stlth    ..........             (no amulet)
HPRegen  1.30/turn              g - ring of resist corrosion
MPRegen  0.12/turn              (no ring)

@: mighty, berserking, regenerating, very quick
A: talons 1, slimy green scales 1, powered by pain 2, spiny 1
a: Berserk, Trog's Hand, Brothers in Arms, Burn Spellbooks, Renounce Religion


You were on level 9 of the Dungeon.
You worshipped Trog.
Trog was extremely pleased with you.
You were not hungry.

You visited 1 branch of the dungeon, and saw 9 of its levels.

You collected 415 gold pieces.

Inventory:

Hand Weapons
 a - a +0 falchion
 d - a +2 quarterstaff of chaos
 k - the +7 whip "Zurouwa" (weapon) {pain, rElec rF- Str+6}
   (You found it on level 4 of the Dungeon)

   In the hands of one skilled in necromantic magic, it inflicts extra damage on
   living creatures.
   It affects your strength (+6).
   It makes you vulnerable to fire.
   It insulates you from electricity.
 l - a +4 flail
Missiles
 y - 7 tomahawks (quivered)
Armour
 f - a +0 plate armour (worn)
 h - a +1 pair of boots (worn)
 j - a +0 cloak (worn)
Jewellery
 g - a ring of resist corrosion (left hand)
Wands
 m - a wand of flame (13)
 q - a wand of iceblast (9)
 t - a wand of digging (22)
Scrolls
 b - 2 scrolls of remove curse
 e - a scroll of enchant armour
 i - 8 scrolls of identify
 v - 3 scrolls of teleportation {unknown}
 w - a scroll of magic mapping
 x - 2 scrolls of fear {unknown}
 C - 2 scrolls of immolation {unknown}
Potions
 n - 2 potions of curing
 o - a potion of berserk rage
 p - 2 potions of agility {unknown}
 r - a potion of magic
 s - a potion of ambrosia {unknown}
 u - 3 potions of flight {unknown}
 z - a potion of cancellation {unknown}
 A - 2 potions of heal wounds {unknown}
 D - 2 potions of lignification {unknown}
Comestibles
 c - 8 rations


   Skills:
 + Level 9.2 Fighting
 * Level 8.4 Long Blades
 + Level 9.2 Armour
 + Level 3.5 Dodging


You had 9 spell levels left.
You didn't know any spells.

Dungeon Overview and Level Annotations

Branches:
Dungeon (9/15)             Temple (0/1) D:6            Lair (0/6) D:9
    Orc: D:9-12

Altars:
Cheibriados
Elyvilon
Hepliaklqana
Kikubaaqudgha
Okawaru
Ru
Uskayaw
Vehumet
Xom
Zin
The Shining One


Innate Abilities, Weirdness & Mutations

You have sharp toenails.
You are partially covered in slimy green scales. (AC +2)
You sometimes gain power by taking damage.
You are partially covered in sharp spines.


Message History

You kill the death yak!
Trog accepts your kill.
Your Armour skill increases to level 9!
You hit the death yak.
The death yak is lightly wounded.
The death yak gores you but does no damage.
You whack the death yak!
The death yak is moderately wounded.
You whack the death yak!
The death yak is moderately wounded.
The death yak gores you!
* * * LOW HITPOINT WARNING * * *
You barely miss the death yak.
The death yak is moderately wounded.
The death yak is struck by your spines.
The death yak gores you but does no damage.
You whack the death yak!
The death yak is heavily wounded.
The death yak gores you!
You die...

###.......# ....
#.........#
........#.......#
.......
#.......####.+
/.....
#............#
.>....
#.......######
.....y# #.......#
.##.yyr##.......#
....ryYY@.$.....#
....Zr######.####
..... ...# .#..
#.### ... #[. ..
#. . #. #


You could see 2 death yaks, a hell rat, 4 killer bees, a hound zombie, a quokka
and a rat.

Vanquished Creatures
  2 two-headed ogres (D:8)
  A death yak (D:9)
  Pikel (D:5)
  A hippogriff (D:8)
  The ghost of Ykky the Skirmisher, an amateur DsMo (D:4)
  The ghost of Thargor the Skirmisher, an amateur DsBe of Trog (D:3)
  2 orc warriors
  3 ice beasts
  A sky beast (D:3)
  A phantom (D:5)
  A black bear (D:5)
  4 ogres
  3 centaurs
  2 bullfrogs
  A wyvern zombie (D:7)
  2 scorpions
  A killer bee (D:9)
  3 wights (D:7)
  2 howler monkeys
  5 crimson imps
  6 hounds
  2 orc priests
  A bullfrog skeleton (D:8)
  A gnoll shaman (D:8)
  Crazy Yiuf (D:3)
  A bullfrog zombie (D:5)
  3 iguanas
  5 orc wizards
  11 worker ants
  Ijyb (D:5)
  16 gnolls
  13 adders
  A shadow imp (D:5)
  An adder skeleton (D:6)
  3 worms
  3 dart slugs
  3 leopard geckos
  13 orcs
  4 giant cockroaches
  3 goblins (D:1)
  10 hobgoblins
  16 jackals
  4 quokkas
  5 bats
  7 frilled lizards
  12 kobolds
  A leopard gecko skeleton (D:6)
  9 rats
194 creatures vanquished.

Vanquished Creatures (others)
  A human (D:2)
  2 orcs (D:5)
  A kobold (D:5)
4 creatures vanquished.

Grand Total: 198 creatures vanquished

Notes
Turn   | Place    | Note
-------+----------+-------------------------------------------
     0 | D:1      | Gitz the Demonspawn Berserker began the quest for the Orb.
     0 | D:1      | Reached XP level 1. HP: 18/18 MP: 1/1
    92 | D:1      | Gained mutation: You are partially covered in sharp spines. [demonic ancestry]
    92 | D:1      | Reached XP level 2. HP: 22/24 MP: 2/2
   594 | D:1      | Reached ** piety under Trog
   594 | D:1      | Gained mutation: You are partially covered in slimy green scales. (AC +2) [demonic ancestry]
   594 | D:1      | Reached XP level 3. HP: 29/29 MP: 3/3
   623 | D:2      | Found an ancient bone altar of Kikubaaqudgha.
   634 | D:2      | Noticed a human
   635 | D:2      | Killed a human
   788 | D:2      | Reached XP level 4. HP: 35/35 MP: 4/4
  1085 | D:3      | Reached XP level 5. HP: 42/42 MP: 5/5
  1172 | D:3      | Reached *** piety under Trog
  1249 | D:3      | Noticed Thargor's ghost (amateur DsBe)
  1262 | D:3      | Killed Thargor's ghost
  1262 | D:3      | Reached skill level 5 in Long Blades
  1262 | D:3      | Gained mutation: You sometimes gain a little power by taking damage. [demonic ancestry]
  1262 | D:3      | Reached XP level 6. HP: 48/48 MP: 6/6
  1327 | D:3      | Noticed a sky beast
  1338 | D:3      | Killed a sky beast
  1460 | D:3      | Found an iron altar of Okawaru.
  1568 | D:3      | Found a runed door.
  1769 | D:3      | Noticed Crazy Yiuf
  1777 | D:3      | Killed Crazy Yiuf
  1844 | D:4      | Got a pitted whip
  1845 | D:4      | Identified the +7 whip "Zurouwa" {pain, rElec rF- Str+6} (You found it on level 4 of the Dungeon)
  1912 | D:4      | Gained mutation: You sometimes gain power by taking damage. [demonic ancestry]
  1912 | D:4      | Reached XP level 7. HP: 55/55 MP: 7/7
  1967 | D:4      | Noticed Ykky's ghost (amateur DsMo)
  1984 | D:4      | Killed Ykky's ghost
  2378 | D:4      | Reached skill level 5 in Fighting
  2504 | D:5      | Entered Level 5 of the Dungeon
  2590 | D:5      | Gained mutation: You have sharp toenails. [demonic ancestry]
  2590 | D:5      | Reached XP level 8. HP: 43/62 MP: 8/8
  2651 | D:5      | Reached skill level 5 in Armour
  2669 | D:5      | Reached **** piety under Trog
  2827 | D:5      | Noticed Ijyb
  2836 | D:5      | Killed Ijyb
  2881 | D:5      | Noticed Pikel
  2895 | D:5      | Killed Pikel
  2931 | D:5      | Reached XP level 9. HP: 54/71 MP: 9/9
  3409 | D:6      | Found a glowing golden altar of the Shining One.
  3443 | D:6      | Found a sacrificial altar of Ru.
  3443 | D:6      | Found a white marble altar of Elyvilon.
  3443 | D:6      | Found a snail-covered altar of Cheibriados.
  3446 | D:6      | Found an iron altar of Okawaru.
  3446 | D:6      | Found a glowing golden altar of the Shining One.
  3447 | D:6      | Found a shimmering altar of Xom.
  3447 | D:6      | Found a shimmering altar of Xom.
  3447 | D:6      | Found a radiant altar of Vehumet.
  3447 | D:6      | Found a glowing silver altar of Zin.
  3447 | D:6      | Found a hazy altar of Hepliaklqana.
  3447 | D:6      | Found an iron altar of Okawaru.
  3447 | D:6      | Found a hide-covered altar of Uskayaw.
  3452 | D:6      | Found a staircase to the Ecumenical Temple.
  4688 | D:7      | Reached ***** piety under Trog
  5219 | D:8      | Reached XP level 10. HP: 74/82 MP: 10/10
  5224 | D:8      | Noticed a two-headed ogre
  5233 | D:8      | Killed a two-headed ogre
  5289 | D:8      | Noticed a two-headed ogre
  5299 | D:8      | Killed a two-headed ogre
  5907 | D:9      | Noticed a death yak
  5909 | D:9      | Found a staircase to the Lair.
  5910 | D:9      | Noticed a death yak
  5911 | D:9      | Noticed a death yak
  5928 | D:9      | Killed a death yak
  5934 | D:9      | Slain by a death yak

Skill      XL: |  1  2  3  4  5  6  7  8  9 10 |
---------------+-------------------------------+-----
Dodging        | 2 3 |  3.5
Long Blades    | 3 4 5 6 7 8 |  8.4
Armour         | 2 3 4 6 8 9 |  9.2
Fighting       | 4 5 6 8 9 |  9.2

Action                   |  1- 3 |  4- 6 |  7- 9 | 10-12 || total
-------------------------+-------+-------+-------+-------++-------
Melee: Falchion          |    79 |     9 |       |       ||    88
       Flail             |       |    88 |       |       ||    88
       Whip              |       |     5 |   312 |    43 ||   360
Invok: Berserk           |     2 |     2 |       |     2 ||     6
       Trog's Hand       |       |       |       |     1 ||     1
  Use: Scroll            |       |    10 |       |       ||    10
  Eat: Chunk             |     1 |     6 |    11 |     2 ||    20
       Ration            |       |       |       |     1 ||     1
Armor: Animal skin       |     2 |       |       |       ||     2
       Plate armour      |    41 |    75 |   198 |    20 ||   334
Dodge: Dodged            |    32 |    31 |   124 |    20 ||   207
       Rpst.: Falchion   |     9 |     2 |       |       ||    11
